 Dungeon Crawl Stone Soup version 0.28-a0-589-g333b8329f1 (webtiles) character file.

Game seed: 4515032728593069959

74 kipponium the Slasher (level 4, 0/41 HPs)
             Began as a Gnoll Cinder Acolyte on Oct 3, 2021.
             Was a High Priest of Ignis.
             Killed by divine providence
             ... invoked by an orc priest
              (12 damage)
             ... on level 3 of the Dungeon.
             The game lasted 00:06:28 (2297 turns).

kipponium the Slasher (Gnoll Cinder Acolyte)        Turns: 2297, Time: 00:06:29

Health: 0/41       AC:  3    Str: 20    XL:     4   Next: 30%
Magic:  0/8        EV: 11    Int: 14    God:    Ignis [*****.]
Gold:   119        SH:  3    Dex:  7    Spells: 7/9 levels left

rFire   + + .      SeeInvis .   i - staff of fire
rCold   . . .      Faith    .   r - +0 buckler
rNeg    . . .      Spirit   .   b - +0 robe
rPois   .          Reflect  .   (no helmet)
rElec   .          Harm     .   (no cloak)
rCorr   .          Rampage  .   j - +0 pair of gloves
Will    .....                   (no boots)
Stlth   +.........              (no amulet)
HPRegen 0.13/turn               d - +6 ring of strength
MPRegen 0.11/turn               (no ring)

@: no status effects
A: fangs 1, strong nose, distributed training
a: Renounce Religion, Sea of Fire, Foxfire Swarm, Rising Flame


You were on level 3 of the Dungeon.
You worshipped Ignis.
Ignis was extremely pleased with you.
You visited 1 branch of the dungeon, and saw 3 of its levels.

You collected 119 gold pieces.

Inventory:

Hand Weapons
 a - a -1 falchion of flaming
 g - a +0 short sword of venom
Missiles
 h - 42 stones (quivered)
Armour
 b - a +0 robe (worn)
 j - a +0 pair of gloves (worn)
 l - a +0 kite shield
 r - a +0 buckler (worn)
Magical Staves
 i - a staff of fire (weapon)
 m - a staff of conjuration
Jewellery
 d - a +6 ring of strength (left hand)
Scrolls
 c - 4 scrolls of identify {unknown}
 e - a scroll of holy word {unknown}
 f - 2 scrolls of noise {unknown}
 k - a scroll of vulnerability {unknown}
 n - a scroll of enchant weapon {unknown}
 p - 2 scrolls of fear {unknown}
 q - 4 scrolls of teleportation {unknown}
 s - a scroll of summoning {unknown}
 t - a scroll of blinking {unknown}
Potions
 o - 2 potions of heal wounds {unknown}


   Skills:
 + Level 6.6 Fighting
 + Level 1.1 Short Blades
 + Level 6.6 Long Blades
 + Level 1.1 Axes
 + Level 1.1 Maces & Flails
 + Level 1.1 Polearms
 + Level 1.1 Staves
 + Level 1.1 Slings
 + Level 1.1 Bows
 + Level 1.1 Crossbows
 + Level 1.1 Throwing
 + Level 1.1 Armour
 + Level 1.1 Dodging
 + Level 1.1 Stealth
 + Level 1.1 Shields
 + Level 1.1 Unarmed Combat
 + Level 3.0 Spellcasting
 + Level 0.8 Conjurations
 + Level 0.8 Hexes
 + Level 0.8 Summonings
 + Level 0.8 Necromancy
 + Level 0.8 Translocations
 + Level 0.8 Transmutations
 + Level 5.4 Fire Magic
 + Level 0.8 Ice Magic
 + Level 0.8 Air Magic
 + Level 0.8 Earth Magic
 + Level 0.8 Poison Magic
 + Level 1.2 Invocations
 + Level 1.1 Evocations


You had 7 spell levels left.
You knew the following spells:

 Your Spells              Type           Power      Damage    Failure   Level
a - Scorch                Fire           52%        2d8       4%          2

Your spell library contained the following spells:

 Spells                   Type           Power      Damage    Failure   Level
 Animate Skeleton         Necr           8%         N/A       22%         1
 Pain                     Necr           16%        1d4       22%         1
 Conjure Flame            Conj/Fire      16%        6-21      26%         3
 Ignite Poison            Fire/Tmut/Pois 13%        N/A       34%         3
 Dazzling Flash           Conj/Hex       8%         N/A       54%         3
 Vampiric Draining        Necr           2%         2d6       54%         3
 Sticky Flame             Conj/Fire      16%        2d4       63%         4
 Iskenderun's Mystic Bla  Conj/Tloc      4%         2d3       91%         4
 Starburst                Conj/Fire      8%         6d4       100%        6


Dungeon Overview and Level Annotations

Branches:
Dungeon (3/15)

Altars:


Innate Abilities, Weirdness & Mutations

You have very sharp teeth.
Your uncanny sense of smell can sniff out nearby items.
Your experience applies equally to all skills.


Message History

You feel a surge of power!
Flames lash the hobgoblin.
You kill the hobgoblin!
You hear an angry hiss.
You hear a shout!
An endoplasm comes into view.
Your Spellcasting skill increases to level 3!
A frilled lizard comes into view.
An orc comes into view. It is wielding a +0 whip.
Casting: Scorch (safe; 4% risk of failure)
Confirm with . or Enter, or press ? or * to list all spells.
You feel a surge of power!
Flames lash the orc.
You kill the orc!
The orc priest calls down the wrath of Beogh upon you.
Beogh smites you!
Casting: Scorch (safe; 4% risk of failure)
Confirm with . or Enter, or press ? or * to list all spells.
You feel a surge of power!
Flames lash the endoplasm.
You kill the endoplasm!
Casting: Scorch (safe; 4% risk of failure)
Confirm with . or Enter, or press ? or * to list all spells.
You feel a surge of power!
Flames lash the orc priest but do no damage.
Casting: Scorch (safe; 4% risk of failure)
Confirm with . or Enter, or press ? or * to list all spells.
You feel a surge of power!
Flames lash the orc priest.
The orc priest is heavily wounded.
The orc priest's fire resistance burns away.
The orc priest hits you with a +0 short sword.
You barely miss the orc priest.
The orc priest is heavily wounded.
Found 12 bolts.
You closely miss the orc priest.
The orc priest is heavily wounded.
The orc priest mumbles some strange prayers to Beogh against you.
Pain shoots through your body!
* * * LOW HITPOINT WARNING * * *
Okay, then.
The orc priest is no longer more vulnerable to fire.
The orc priest calls down the wrath of Beogh upon you.
Beogh smites you!
You die...

.o... #.. .o. #.#
...###o##.####
...l..$...)..#
...J...##o##.#
#..#### #o##.# #
#.##.#
##.(######.##.#
.......@.#J##.#
##..####.#.##.# #
###o#.##.# #.
#..ol.##.#
#..##..o..##†####
...............#
.###.....#####.#
#.....# # ###.###


You could see 2 orc priests, an orc and a frilled lizard.

Vanquished Creatures
  An adder (D:2)
  2 dart slugs
  An orc (D:3)
  5 bats
  8 endoplasms
  2 giant cockroaches
  4 goblins
  9 hobgoblins
  2 quokkas (D:1)
  2 ball pythons
  3 frilled lizards (D:1)
  8 kobolds
  5 rats
52 creatures vanquished.

Notes
Turn   | Place    | Note
-------+----------+-------------------------------------------
     0 | D:1      | kipponium the Gnoll Cinder Acolyte began the quest for the
                  | Orb.
     0 | D:1      | Reached XP level 1. HP: 23/23 MP: 4/4
   174 | D:1      | Reached XP level 2. HP: 29/29 MP: 5/5
   307 | D:1      | Learned a level 2 spell: Scorch
   524 | D:1      | Reached XP level 3. HP: 35/35 MP: 4/7
  1010 | D:2      | Reached skill level 1 in Invocations
  1533 | D:2      | Reached skill level 1 in Short Blades
  1533 | D:2      | Reached skill level 1 in Axes
  1533 | D:2      | Reached skill level 1 in Maces & Flails
  1533 | D:2      | Reached skill level 1 in Polearms
  1533 | D:2      | Reached skill level 1 in Staves
  1533 | D:2      | Reached skill level 1 in Slings
  1533 | D:2      | Reached skill level 1 in Bows
  1533 | D:2      | Reached skill level 1 in Crossbows
  1533 | D:2      | Reached skill level 1 in Throwing
  1533 | D:2      | Reached skill level 1 in Armour
  1533 | D:2      | Reached skill level 1 in Dodging
  1533 | D:2      | Reached skill level 1 in Stealth
  1533 | D:2      | Reached skill level 1 in Shields
  1533 | D:2      | Reached skill level 1 in Unarmed Combat
  1533 | D:2      | Reached skill level 1 in Evocations
  1846 | D:3      | Reached XP level 4. HP: 41/41 MP: 5/8
  2297 | D:3      | Killed from afar by an orc priest

Illustrated notes

Levels and vault maps discovered:
D:1:      dpeg_arrival_erosion, layout_loops_ring, minmay_pentomino_r4
D:2:      layout_basic
D:3:      layout_loops_ring

Skill      XL: |  1  2  3  4 |
---------------+-------------+-----
Invocations    | 1 |  1.2
Short Blades   | 1 |  1.1
Axes           | 1 |  1.1
Maces & Flails | 1 |  1.1
Polearms       | 1 |  1.1
Staves         | 1 |  1.1
Slings         | 1 |  1.1
Bows           | 1 |  1.1
Crossbows      | 1 |  1.1
Throwing       | 1 |  1.1
Armour         | 1 |  1.1
Dodging        | 1 |  1.1
Stealth        | 1 |  1.1
Shields        | 1 |  1.1
Unarmed Combat | 1 |  1.1
Evocations     | 1 |  1.1
Spellcasting   | 3 |  3.0
Fighting       | |  6.6
Long Blades    | |  6.6
Conjurations   | |  0.8
Hexes          | |  0.8
Summonings     | |  0.8
Necromancy     | |  0.8
Translocations | |  0.8
Transmutations | |  0.8
Fire Magic     | |  5.4
Ice Magic      | |  0.8
Air Magic      | |  0.8
Earth Magic    | |  0.8
Poison Magic   | |  0.8

Action                   |  1- 3 |  4- 6 || total
-------------------------+-------+-------++-------
Melee: Falchion          |    40 |       ||    40
       Bite              |     4 |       ||     4
       Staff             |       |     2 ||     2
 Cast: Scorch            |    27 |    15 ||    42
Armor: Robe              |     8 |       ||     8
Dodge: Dodged            |    26 |       ||    26

Table legend: (Time is in decaauts)
 A = Elapsed time spent in this place.
 B = Non-inter-level travel time spent in this place.
 C = Inter-level travel time spent in this place.
 D = Time resting spent in this place.
 E = Time spent auto-exploring this place.
 F = Levels seen in this place.
 G = Mean time per level.
                   A        B        C        D        E       F      G
               +--------+--------+--------+--------+--------+-----+--------+
         Total |   2294 |   2242 |     52 |    392 |   1460 |   3 |  764.7 |
       Dungeon |   2294 |   2242 |     52 |    392 |   1460 |   3 |  764.7 |
               +--------+--------+--------+--------+--------+-----+--------+

Top non-repeatable levels by time:
     D:1: 928 daAuts
     D:2: 800 daAuts
     D:3: 565 daAuts
